[Event "HUN-ch Rapid 2020"]
[Site "Ajka"]
[Date "2020.07.18"]
[Round "5.2"]
[White "Nagy, Gabor"]
[Black "Kozak, Adam"]
[Result "1/2-1/2"]
[ECO "D35"]
[WhiteElo "2502"]
[BlackElo "2503"]
[Annotator "RC"]
[PlyCount "72"]
[EventDate "2020.07.17"]
[EventType "swiss"]
[EventCountry "HUN"]
[SourceTitle "playchess.com"]
[Source "ChessBase"]
[SourceQuality "1"]
[TimeControl "900+10"]

1. d4 Nf6 2. Nf3 d5 3. c4 e6 4. Nc3 Nbd7 5. cxd5 exd5 6. Bf4 c6 7. Qc2 Nh5 8. Bd2 g6 9. g4 Nhf6 10. g5 Nh5 11. e4 Nb6 12. O-O-O Be7 13. Rg1 O-O 14. Ne5 dxe4 15. Nxe4 Bf5 16. Bd3 Qxd4 17. Bc3 Qa4 18. b3 Qa3+ 19. Kb1 Rfd8 20. Ng3 Bxd3 21. Nxd3 Nxg3 22. hxg3 Bxg5 23. f4 Bh6 24. Rh1 Qf8 25. Qh2 Nd5 26. Bd4 c5 27. Nxc5 Rac8 28. Ne4 f5 29. Ng5 Rd7 30. Bb2 Nc3+ 31. Bxc3 Rxd1+ 32. Rxd1 Bxg5 33. Rd7 Bh6 34. Qd2 Qc5 35. Kb2 Bf8 36. b4 Qc4 1/2-1/2

[Event "HUN-ch Rapid 2020"]
[Site "Ajka"]
[Date "2020.07.18"]
[Round "5.7"]
[White "Krstulovic, Alex"]
[Black "Czebe, Attila"]
[Result "0-1"]
[ECO "A41"]
[WhiteElo "2338"]
[BlackElo "2367"]
[Annotator "RC"]
[PlyCount "94"]
[EventDate "2020.07.17"]
[EventType "swiss"]
[EventCountry "HUN"]
[SourceTitle "playchess.com"]
[Source "ChessBase"]
[SourceQuality "1"]
[TimeControl "900+10"]

1. d4 d6 2. Nf3 Nf6 3. c4 g6 4. Nc3 Bf5 5. Ng5 Bd7 6. f4 Bg7 7. e4 O-O 8. e5 Ne8 9. h4 h6 10. h5 hxg5 11. h6 Bh8 12. h7+ Kg7 13. f5 Bxf5 14. Bxg5 f6 15. Bh6+ Kf7 16. g4 Bc8 17. Bxf8 Kxf8 18. Qc2 f5 19. gxf5 Bxf5 20. Bd3 Ng7 21. O-O-O e6 22. d5 Nd7 23. exd6 Ne5 24. Bxf5 exf5 25. dxc7 Qxc7 26. Qe2 Ne8 27. Kb1 Nd6 28. Nb5 Qxc4 29. Qxe5 Bxe5 30. Nxd6 Qe2 31. h8=Q+ Bxh8 32. Rxh8+ Kg7 33. Rhh1 Rd8 34. Rhe1 Qf3 35. Nxb7 Rxd5 36. Rc1 Rd2 37. Na5 Re2 38. Red1 Qe4+ 39. Ka1 Rc2 40. Rd7+ Kh6 41. Rb1 Re2 42. Rdd1 f4 43. Rh1+ Kg7 44. Rbc1 Qxh1 45. Rxh1 f3 46. Rf1 f2 47. Rxf2 Rxf2 0-1

[Event "HUN-ch Rapid 2020"]
[Site "Ajka"]
[Date "2020.07.18"]
[Round "8.12"]
[White "Deak, Sandor"]
[Black "Ongut, Tamas Gunes"]
[Result "1/2-1/2"]
[ECO "C48"]
[WhiteElo "2281"]
[BlackElo "2305"]
[Annotator "NA"]
[PlyCount "51"]
[EventDate "2020.07.17"]
[EventType "swiss"]
[EventCountry "HUN"]
[SourceTitle "playchess.com"]
[Source "ChessBase"]
[SourceQuality "1"]
[TimeControl "900+10"]

1. e4 e5 2. Nf3 Nc6 3. Nc3 Nf6 4. Bb5 Nd4 5. Bc4 c6 6. d3 d5 7. exd5 cxd5 8. Bb3 Bg4 9. Ba4+ Nc6 10. h3 Bh5 11. g4 Bg6 12. Nxe5 Qc7 13. Bf4 Bd6 14. Nxg6 hxg6 15. Bxd6 Qxd6 16. Qe2+ Kf8 17. O-O-O Re8 18. Qd2 d4 19. Nb5 Qc5 20. Na3 Nd5 21. Bxc6 Qxc6 22. Rde1 Rxe1+ 23. Qxe1 Nf4 24. Nc4 b5 25. Ne5 Qd5 26. Qe4 1/2-1/2

[Event "HUN-ch Rapid 2020"]
[Site "Ajka"]
[Date "2020.07.18"]
[Round "8.23"]
[White "Kovacsy, Barnabas"]
[Black "Emodi, Barnabas"]
[Result "1/2-1/2"]
[ECO "B54"]
[WhiteElo "2143"]
[BlackElo "2352"]
[Annotator "NA"]
[PlyCount "53"]
[EventDate "2020.07.17"]
[EventType "swiss"]
[EventCountry "HUN"]
[SourceTitle "playchess.com"]
[Source "ChessBase"]
[SourceQuality "1"]
[TimeControl "900+10"]

1. e4 c5 2. Nf3 d6 3. d4 cxd4 4. Nxd4 e5 5. Nb3 Nf6 6. f3 Be7 7. c4 O-O 8. Be3 Be6 9. Nc3 a6 10. Be2 Nbd7 11. O-O Qc7 12. Nd5 Bxd5 13. cxd5 Rfc8 14. Qd2 b6 15. Rac1 Qb7 16. Na1 Bd8 17. Nc2 b5 18. Nb4 Ba5 19. a3 Nc5 20. Rc2 Nfd7 21. Qd1 Bxb4 22. axb4 Na4 23. Rxc8+ Rxc8 24. Qb3 h6 25. Rc1 Rxc1+ 26. Bxc1 Qc7 27. Be3 1/2-1/2

[Event "HUN-ch Rapid 2020"]
[Site "Ajka"]
[Date "2020.07.18"]
[Round "8.24"]
[White "Horvath, Tamas I"]
[Black "Varga, Marcell"]
[Result "1-0"]
[ECO "C73"]
[WhiteElo "2318"]
[BlackElo "1685"]
[Annotator "NA"]
[PlyCount "53"]
[EventDate "2020.07.17"]
[EventType "swiss"]
[EventCountry "HUN"]
[SourceTitle "playchess.com"]
[Source "ChessBase"]
[SourceQuality "1"]
[TimeControl "900+10"]

1. e4 e5 2. Nf3 Nc6 3. Bb5 a6 4. Ba4 d6 5. Bxc6+ bxc6 6. d4 exd4 7. Nxd4 Bd7 8. O-O c5 9. Ne2 Bc6 10. Nbc3 Nf6 11. Ng3 Be7 12. Nf5 O-O 13. Qf3 Re8 14. Qg3 g6 15. Nxe7+ Qxe7 16. f3 Nh5 17. Qf2 Rab8 18. b3 Qe5 19. Bd2 Nf4 20. Rae1 Ne6 21. Nd1 Nd4 22. Ne3 h5 23. Kh1 Qf6 24. c4 Ne6 25. Bc1 a5 26. Bb2 Qe7 27. Nd5 1-0

[Event "HUN-ch Rapid 2020"]
[Site "Ajka"]
[Date "2020.07.18"]
[Round "8.25"]
[White "Varga, Peter"]
[Black "Farkas, Otto Jr."]
[Result "1-0"]
[ECO "D20"]
[WhiteElo "2371"]
[BlackElo "1650"]
[Annotator "NA"]
[PlyCount "64"]
[EventDate "2020.07.17"]
[EventType "swiss"]
[EventCountry "HUN"]
[SourceTitle "playchess.com"]
[Source "ChessBase"]
[SourceQuality "1"]
[TimeControl "900+10"]

1. d4 d5 2. c4 dxc4 3. e4 Nf6 4. e5 Nd5 5. Bxc4 Bf5 6. Ne2 e6 7. O-O Bxb1 8. Rxb1 Nc6 9. Bb5 Qd7 10. Qa4 Nb6 11. Qc2 Be7 12. Be3 O-O 13. Rfc1 Qd5 14. a4 Rac8 15. Nf4 Qd7 16. a5 Nd5 17. a6 Ndb4 18. Qa4 bxa6 19. Bxc6 Qd8 20. Bb7 Rb8 21. Bxa6 g5 22. Nh5 Rb6 23. Be2 Qb8 24. Nf6+ Bxf6 25. exf6 Nd5 26. Bxg5 Rxb2 27. Qa1 Rxb1 28. Rxb1 Qd8 29. Bh6 Re8 30. Bb5 Qxf6 31. Bxe8 Qxh6 32. Bc6 Nf4 1-0